 Dungeon Crawl Stone Soup version 0.26.1-11-gd32895ea62 (webtiles) character file.

Game seed: 14831605221378760055

339 Eitelfritz the Chopper (level 6, -4/55 HPs)
             Began as a Hill Orc Fighter on May 27, 2021.
             Slain by an ogre
             ... wielding a +0 giant club
              (15 damage)
             ... on level 4 of the Dungeon.
             The game lasted 00:07:02 (3903 turns).

Eitelfritz the Chopper (Hill Orc Fighter)           Turns: 3903, Time: 00:07:03

Health: -4/55      AC: 13    Str: 21    XL:     6   Next: 55%
Magic:  6/6        EV:  8    Int:  8    God:
Gold:   134        SH:  9    Dex: 10    Spells: 5/5 levels left

rFire    . . .     SeeInvis .   a - +1 war axe
rCold    . . .     Faith    .   c - +0 kite shield
rNeg     + . .     Spirit   .   b - +0 scale mail
rPois    .         Reflect  .   q - +0 helmet
rElec    .         Harm     .   (no cloak)
rCorr    .         Rampage  .   s - +0 pair of gloves {archery}
Will     .....                  (no boots)
Stlth    ..........             t - amulet of the acrobat
HPRegen  0.18/turn              h - +4 ring of protection
MPRegen  0.10/turn              u - ring of positive energy

@: no status effects
A: no striking features
a: no special abilities


You were on level 4 of the Dungeon.
You visited 1 branch of the dungeon, and saw 4 of its levels.

You collected 134 gold pieces.

Inventory:

Hand Weapons
 a - a +1 war axe (weapon)
 y - a +0 flail
Missiles
 k - 43 sling bullets
Armour
 b - a +0 scale mail (worn)
 c - a +0 kite shield (worn)
 q - a +0 helmet (worn)
 s - a +0 pair of gloves of archery (worn)
Jewellery
 h - a +4 ring of protection (left hand)
 l - an uncursed ring of see invisible
 n - an uncursed amulet of magic regeneration
 t - an amulet of the acrobat (around neck)
 u - a ring of positive energy (right hand)
 C - an uncursed ring of wizardry
Scrolls
 f - a scroll of teleportation
 x - a scroll of fog
Potions
 d - a potion of might
 g - a potion of heal wounds
 i - 3 potions of invisibility
 j - a potion of cancellation
 r - 2 potions of curing
 A - a potion of brilliance {unknown}
 B - a potion of degeneration {unknown}


   Skills:
 + Level 4.8 Fighting
 + Level 5.6 Axes
 + Level 4.6 Armour
 + Level 0.7 Dodging
 + Level 0.4 Stealth
 + Level 4.4 Shields


You had 5 spell levels left.
You didn't know any spells.
Your spell library was empty.

Dungeon Overview and Level Annotations

Branches:
Dungeon (4/15)
 Temple: D:4-7

Altars:

Annotations:
D:3 1 runed translucent door, luarocks's ghost, amateur MiAK


Message History

You slash the ogre!
The ogre is moderately wounded.
The ogre hits you but does no damage.
You slash the ogre!
The ogre is severely wounded.
A quokka comes into view.
The ogre hits you with a +0 giant spiked club!
You slash the ogre!
The ogre is almost dead.
You block the ogre's attack.
You slash the ogre!
You kill the ogre!
You slash the ogre!
The ogre is heavily wounded.
The ogre closely misses you. The ogre hits you with a +0 giant club!
* * * LOW HITPOINT WARNING * * *
You hit the ogre.
The ogre is severely wounded.
The ogre hits you with a +0 giant club!
You die...

#.# ..# #.##.. #.#
#.# #.##.#
#####.####.#####.##.#
#....................
#.########.##########
#.# #............
#.#### #....(......#
#....# #########....
#.##@# #.#.# ##.##O#
#.#.. #....r# #.###
#.....## # #......#
#....### #....#
#.>.........
#.....#..#..


You could see an ogre and a quokka.

Vanquished Creatures
  An ogre (D:4)
  A centaur (D:4)
  A worker ant (D:4)
  2 orc wizards (D:3)
  2 adders (D:2)
  An ooze (D:3)
  2 worms (D:2)
  A dart slug (D:2)
  4 leopard geckos
  2 orcs (D:3)
  3 giant cockroaches
  7 goblins
  6 hobgoblins
  6 jackals
  10 kobolds
  6 bats
  A frilled lizard (D:2)
  A leopard gecko skeleton (D:4)
  8 rats
65 creatures vanquished.

Notes
Turn   | Place    | Note
-------+----------+-------------------------------------------
     0 | D:1      | Eitelfritz the Hill Orc Fighter began the quest for the
                  | Orb.
     0 | D:1      | Reached XP level 1. HP: 19/19 MP: 1/1
   251 | D:1      | Reached XP level 2. HP: 27/27 MP: 2/2
   976 | D:2      | You fall into a shaft and drop 1 floor!
   985 | D:3      | Found a runed translucent door.
  1002 | D:3      | Reached XP level 3. HP: 22/33 MP: 3/3
  1101 | D:3      | Noticed luarocks's ghost (amateur MiAK)
  1194 | D:2      | Reached skill level 3 in Axes
  1431 | D:2      | Reached XP level 4. HP: 19/40 MP: 4/4
  2518 | D:3      | Reached skill level 4 in Axes
  2539 | D:3      | Reached XP level 5. HP: 9/47 MP: 5/5
  3521 | D:4      | Noticed a centaur
  3534 | D:4      | Killed a centaur
  3535 | D:4      | Reached skill level 5 in Axes
  3535 | D:4      | Reached XP level 6. HP: 9/53 MP: 6/6
  3903 | D:4      | Slain by an ogre

Illustrated notes

Levels and vault maps discovered:
D:1:      amcnicky_arrival_double_pillar, layout_basic
D:2:      layout_basic
D:3:      layout_loops_corners, ebering_ghost_inner_flame, minmay_misc_feat_chi
D:4:      layout_basic, nzn_hepliaklqana_mist_gate

Skill      XL: |  1  2  3  4  5 |
---------------+----------------+-----
Armour         | 4 |  4.6
Axes           | 3 4 5 |  5.6
Fighting       | 4 |  4.8
Shields        | 4 |  4.4
Dodging        | |  0.7
Stealth        | |  0.4

Action                   |  1- 3 |  4- 6 || total
-------------------------+-------+-------++-------
Melee: War axe           |   119 |   111 ||   230
  Use: Scroll            |       |    11 ||    11
Armor: Scale mail        |    75 |    52 ||   127
Dodge: Dodged            |    55 |    29 ||    84
Block: Kite shield       |    51 |    43 ||    94
